[Event "Titled Tuesday Blitz July 20 2021"]
[White "DominikPedzich"]
[Black "Schrik, Rachid"]
[BlackFideId "1009818"]
[WhiteElo "2409"]
[BlackElo "2070"]
[Result "1-0"]
[Round "10"]
[TimeControl "180+1"]
[Date "2021.07.21"]
[WhiteClock "0:00:08"]
[BlackClock "0:00:26"]

1. e4 c5 2. Nf3 Nc6 3. Bb5 Nf6 4. e5 Nd5 5. O-O g6 6. c3 Bg7 7. d4 cxd4 8. cxd4 O-O 9. Nc3 Nc7 10. Ba4 d5 11. Bxc6 bxc6 12. h3 a5 13. Re1 Ba6 14. Be3 Rb8 15. Qd2 Re8 16. Rac1 Ne6 17. Na4 Bb5 18. Nc5 Nxc5 19. Rxc5 a4 20. Rec1 Qd7 21. Bh6 Bh8 22. R5c3 Rb7 23. Ng5 f6 24. exf6 exf6 25. Nf3 Qf7 26. Bf4 Rbe7 27. Re3 Re4 28. Rce1 Qe6 29. Bc7 Qd7 30. Bg3 R8e6 31. Bb8 Qe8 32. Bg3 Kf7 33. Nh2 f5 34. Nf3 Bf6 35. Ne5+ Bxe5 36. Bxe5 c5 37. f3 Rxe3 38. Qxe3 cxd4 39. Qxd4 Bc4 40. f4 Bxa2 41. Qf2 d4 42. Qh4 Kg8 43. Rc1 d3 44. Rc7 Rxe5 45. Qxh7+ Kf8 46. Qg7# 1-0


[Site "https://www.chess.com"]

[Event "Titled Tuesday Blitz July 20 2021"]
[White "Eynullayev, Altay"]
[Black "Nguyen, Hong Anh"]
[WhiteFideId "13413562"]
[BlackFideId "12406732"]
[WhiteElo "2079"]
[BlackElo "1974"]
[Result "0-1"]
[Round "10"]
[TimeControl "180+1"]
[Date "2021.07.21"]
[WhiteClock "0:00:31"]
[BlackClock "0:01:28"]

1. d4 Nf6 2. Bf4 g6 3. Nc3 d5 4. e3 Bg7 5. h4 h5 6. Qd2 O-O 7. Nf3 c5 8. Ne5 cxd4 9. exd4 Nc6 10. Be2 Qb6 11. Nxc6 bxc6 12. O-O-O Bf5 13. f3 c5 14. Be5 cxd4 15. Bxd4 Qc7 16. g4 hxg4 17. fxg4 Be4 18. Nxe4 Nxe4 19. Qe1 Rac8 20. c3 e5 21. Bg1 d4 22. c4 Nc5 23. Kb1 d3 24. Bxd3 Nxd3 25. Rxd3 Qxc4 26. Rc3 Qxg4 27. Rxc8 Rxc8 28. Bxa7 e4 29. Qe3 Qg2 0-1


[Site "https://www.chess.com"]

[Event "Titled Tuesday Blitz July 20 2021"]
[White "Eynullayev, Atilla"]
[Black "FGHSMN"]
[WhiteFideId "13413570"]
[WhiteElo "1997"]
[BlackElo "2544"]
[Result "0-1"]
[Round "10"]
[TimeControl "180+1"]
[Date "2021.07.21"]
[WhiteClock "0:00:07"]
[BlackClock "0:00:35"]

1. e4 c5 2. Nf3 e6 3. d4 cxd4 4. Nxd4 a6 5. Bd3 Nf6 6. c4 Qc7 7. Nc3 Be7 8. O-O d6 9. Re1 O-O 10. h3 Nbd7 11. Nf3 b6 12. Bf4 Bb7 13. Rc1 Rac8 14. b3 Rfd8 15. Qd2 Qb8 16. a4 Ne5 17. Nxe5 dxe5 18. Bg3 Bc5 19. Qe2 Rd7 20. Na2 Rcd8 21. Rcd1 Bxe4 22. Bxe4 Rxd1 23. Bxh7+ Kxh7 24. Rxd1 Rxd1+ 25. Qxd1 Ne4 26. Qh5+ Kg8 27. Bxe5 Bxf2+ 28. Kh2 Bg3+ 29. Bxg3 Qxg3+ 30. Kg1 Qxb3 31. Qe2 Qxa4 32. Qxe4 Qxa2 33. Qa8+ Kh7 34. Qe4+ g6 35. Qh4+ Kg7 36. Qd4+ f6 37. Qxb6 Qxc4 38. Qa7+ Kh6 39. Qe3+ g5 40. Qa7 Kg6 41. Qe7 a5 42. g4 Qd4+ 43. Kg2 Qd5+ 44. Kg3 Qb3+ 45. Kg2 e5 46. Qe8+ Kg7 47. Qd7+ Qf7 48. Qb5 Qa7 49. Qa4 Qb7+ 50. Kg1 Qb6+ 51. Kg2 Qb2+ 52. Kg1 Qd4+ 0-1


[Site "https://www.chess.com"]

[Event "Titled Tuesday Blitz July 20 2021"]
[White "Ezat, Mohamed"]
[Black "Zherebtsova, Alexandra"]
[WhiteFideId "10600906"]
[BlackFideId "24129518"]
[WhiteElo "2414"]
[BlackElo "2025"]
[Result "1-0"]
[Round "10"]
[TimeControl "180+1"]
[Date "2021.07.21"]
[WhiteClock "0:00:36"]
[BlackClock "0:00:12"]

1. d4 Nf6 2. c4 c6 3. Nc3 d5 4. cxd5 cxd5 5. Bf4 Nc6 6. e3 Bf5 7. Bb5 Qb6 8. Nf3 a6 9. Bxc6+ bxc6 10. O-O e6 11. Na4 Qb5 12. Rc1 Be7 13. Ne5 Rc8 14. Bg5 h6 15. Bh4 g5 16. Bg3 Ne4 17. b3 Bb4 18. f3 Nxg3 19. hxg3 f6 20. e4 Bh7 21. Nd3 Ba3 22. Ndc5 Bxc1 23. Qxc1 Ke7 24. exd5 cxd5 25. Re1 Rc6 26. Qe3 Bg8 27. Nc3 Qb8 28. Nxd5+ Kf7 29. Nxf6 Kxf6 30. Nd7+ Kg6 31. Nxb8 1-0


[Site "https://www.chess.com"]

[Event "Titled Tuesday Blitz July 20 2021"]
[White "Filippova, Margarita"]
[Black "Primbetov, Kazbek"]
[WhiteFideId "34199680"]
[BlackFideId "13702297"]
[WhiteElo "1829"]
[BlackElo "2184"]
[Result "0-1"]
[Round "10"]
[TimeControl "180+1"]
[Date "2021.07.21"]
[WhiteClock "0:00:53"]
[BlackClock "0:00:23"]

1. Nf3 Nf6 2. d4 g6 3. c4 Bg7 4. Nc3 O-O 5. e4 d6 6. Be2 e5 7. O-O Nc6 8. d5 Ne7 9. b4 a5 10. Ba3 axb4 11. Bxb4 Nd7 12. Nd2 f5 13. Nb3 Nf6 14. f3 c5 15. dxc6 Qb6+ 16. c5 Qxb4 17. cxd6 Nxc6 18. Nb5 fxe4 19. a3 Qa4 20. Nc5 Qxd1 21. Raxd1 Bh6 22. Kh1 Be3 23. Nxe4 Nxe4 24. fxe4 Bd7 25. Nc7 Rxf1+ 26. Bxf1 Rxa3 27. Bc4+ Kg7 28. Ne6+ Bxe6 29. Bxe6 Bd4 30. d7 Ra1 31. Rxa1 Bxa1 32. Bd5 Nd8 0-1


[Site "https://www.chess.com"]

[Event "Titled Tuesday Blitz July 20 2021"]
[White "Gabrielian, Artur"]
[Black "Dzhaparov, Medet"]
[WhiteFideId "4131002"]
[BlackFideId "13803689"]
[WhiteElo "2523"]
[BlackElo "1702"]
[Result "0-1"]
[Round "10"]
[TimeControl "180+1"]
[Date "2021.07.21"]
[WhiteClock "0:01:00"]
[BlackClock "0:00:04"]

1. d4 Nf6 2. Bg5 c5 3. d5 d6 4. Nc3 Nbd7 5. e4 g6 6. Nf3 Bg7 7. Be2 O-O 8. O-O a6 9. a4 Rb8 10. Nd2 Qc7 11. Re1 h6 12. Bh4 b6 13. f4 Bb7 14. Bc4 Rbe8 15. Qe2 e6 16. dxe6 fxe6 17. Bxa6 Bxa6 18. Qxa6 Nh5 19. g3 g5 20. fxg5 Ne5 21. Qe2 Qf7 22. Rf1 Qg6 23. gxh6 Bxh6 24. Rxf8+ Rxf8 25. Rf1 Bxd2 26. Qxd2 Nf3+ 27. Rxf3 Rxf3 28. Qxd6 Nf4 29. Qd8+ Kh7 30. Qc7+ Kg8 31. Qd8+ Kh7 32. Qe7+ Kg8 33. Qd6 Qg4 34. Qd8+ Kf7 35. Qe7+ Kg8 36. Qg5+ Qxg5 37. Bxg5 Nh3+ 38. Kg2 Nxg5 39. h4 Rxc3 40. bxc3 Nxe4 41. c4 Nd2 42. Kf2 Nxc4 43. Ke2 Nb2 44. Ke3 Nxa4 45. Ke4 Kf7 46. g4 b5 47. h5 Nb6 48. g5 Nd7 49. Kf4 c4 50. Ke4 Kg7 51. Kd4 e5+ 52. Kd5 Kf7 53. Kd6 Nf8 54. Kxe5 Ke7 55. g6 b4 56. Kf5 b3 57. cxb3 cxb3 58. Kg5 b2 59. h6 b1=Q 60. h7 Qxg6+ 61. Kf4 Qxh7 62. Ke5 Qf7 0-1


[Site "https://www.chess.com"]

[Event "Titled Tuesday Blitz July 20 2021"]
[White "Garcia, Gabriel Gonzaga"]
[Black "Araujo Filho, Luiz Antonio Coel"]
[WhiteFideId "2138956"]
[BlackFideId "2130661"]
[WhiteElo "2240"]
[BlackElo "2248"]
[Result "1/2-1/2"]
[Round "10"]
[TimeControl "180+1"]
[Date "2021.07.21"]
[WhiteClock "0:00:11"]
[BlackClock "0:00:02"]

1. e4 c6 2. Nf3 d5 3. Nc3 dxe4 4. Nxe4 Nf6 5. Ng3 e6 6. d4 Bd6 7. Bd3 Nbd7 8. Bg5 Qb6 9. O-O Qxb2 10. Rb1 Qa3 11. Ne5 O-O 12. Nxd7 Nxd7 13. Qh5 f5 14. Bc4 Nf6 15. Qh4 Nd5 16. Bb3 Be7 17. Bxd5 Bxg5 18. Bxe6+ Bxe6 19. Qxg5 b6 20. Rfe1 Qxa2 21. Ra1 Qc4 22. h4 a5 23. Nh5 Rf7 24. Nf4 Bd5 25. Rad1 Qxc2 26. h5 h6 27. Qg6 Rf6 28. Re8+ Rxe8 29. Qxe8+ Kh7 30. Re1 Bf7 31. Qd8 Qd2 32. Re3 Qd1+ 33. Kh2 Qg4 34. Qc7 b5 35. Rg3 Qd1 36. Qxc6 a4 37. Qxb5 Qxd4 38. Ng6 Qc4 39. Qb8 Bxg6 40. hxg6+ Rxg6 41. Rxg6 Kxg6 42. Qe8+ Kg5 43. Qe7+ Kg6 44. Qe8+ Qf7 45. Qxa4 Qf6 46. g3 Qd6 47. Qh4 Kh7 48. Kg2 Qe6 49. Qh3 Qd6 50. Qxf5+ Kg8 51. Qc8+ Kh7 52. Qc2+ Kg8 53. f4 Kh8 54. Kf3 Kg8 55. Qc8+ Kh7 56. Qf5+ Kg8 57. Qe4 Kh8 58. f5 Kg8 59. g4 Kh7 60. Qe8 Qd5+ 61. Kf4 Qd4+ 62. Qe4 Qxe4+ 63. Kxe4 h5 64. Ke5 hxg4 65. Kf4 Kg8 66. Kxg4 Kf8 67. Kg5 Kf7 68. Kh5 Kf6 69. Kg4 g6 70. fxg6 Kxg6 1/2-1/2


[Site "https://www.chess.com"]

[Event "Titled Tuesday Blitz July 20 2021"]
[White "Gelman, Alexander"]
[Black "Quintiliano Pinto, Renato R."]
[WhiteFideId "4118316"]
[BlackFideId "2117568"]
[WhiteElo "2375"]
[BlackElo "2439"]
[Result "0-1"]
[Round "10"]
[TimeControl "180+1"]
[Date "2021.07.20"]
[WhiteClock "0:00:02"]
[BlackClock "0:00:15"]

1. d4 d5 2. Nc3 Nf6 3. Bf4 e6 4. Nb5 Na6 5. e3 Be7 6. g4 O-O 7. g5 Ne4 8. f3 Nd6 9. h4 Nxb5 10. Bxb5 c5 11. c3 cxd4 12. exd4 Bd6 13. Qd2 Bxf4 14. Qxf4 Qb6 15. a4 Nc7 16. h5 a6 17. Bd3 Qxb2 18. Rc1 e5 19. dxe5 Qg2 20. Qh2 Qxg5 21. Ne2 Qe3 22. Rd1 Ne6 23. h6 g6 24. f4 Nc5 25. Qg3 Qxg3+ 26. Nxg3 Nxa4 27. Kf2 Nxc3 28. Rc1 d4 29. Ne4 Nxe4+ 30. Bxe4 Be6 31. Rhd1 f6 32. exf6 Rxf6 33. Kg3 Rd8 34. Rc7 Bf7 35. Rxb7 Kf8 36. Ra7 Re6 37. Kf3 Rde8 38. Bd3 Re3+ 39. Kf2 R8e6 40. Bf1 R3e4 41. Rb1 Rxf4+ 42. Kg3 Rff6 43. Bc4 Re3+ 44. Kg4 Bxc4 45. Rb8+ Re8 46. Rbb7 Rf7 47. Rxf7+ Bxf7 48. Rxa6 Rd8 0-1


[Site "https://www.chess.com"]

[Event "Titled Tuesday Blitz July 20 2021"]
[White "Golubenko, Valentina"]
[Black "LEGENYA1998"]
[WhiteFideId "4501993"]
[WhiteElo "2164"]
[BlackElo "2409"]
[Result "1-0"]
[Round "10"]
[TimeControl "180+1"]
[Date "2021.07.21"]
[WhiteClock "0:00:32"]
[BlackClock "0:00:36"]

1. d4 Nf6 2. g3 g6 3. Bg2 Bg7 4. Nf3 O-O 5. O-O c6 6. c4 d5 7. Nc3 Bf5 8. Ne5 dxc4 9. Nxc4 Ne4 10. Nxe4 Qxd4 11. Qxd4 Bxd4 12. Rd1 Bg7 13. Bf4 Na6 14. Rd2 Nb4 15. Ne3 Be6 16. a3 Nd5 17. Nxd5 Bxd5 18. Nc5 Bxg2 19. Kxg2 b6 20. Nd7 Rfe8 21. Ne5 Rac8 22. Nc4 e5 23. Be3 Rcd8 24. Rad1 Rxd2 25. Rxd2 f5 26. Rd7 e4 27. Rxa7 b5 28. Na5 Bxb2 29. Nxc6 Bg7 30. Bd4 Bxd4 31. Nxd4 Rb8 32. Ra5 b4 33. axb4 Rxb4 34. e3 Kg7 35. Ra7+ Kg8 36. h3 Rb2 37. g4 f4 38. Ra3 f3+ 39. Kg3 g5 40. h4 h6 41. hxg5 hxg5 42. Ra5 Rb1 43. Rxg5+ Kf7 44. Kf4 Rf1 45. Kxe4 Rxf2 46. Nxf3 1-0


[Site "https://www.chess.com"]

[Event "Titled Tuesday Blitz July 20 2021"]
[White "Gracia Alvarez, Gerardo Antonio"]
[Black "Redzisz, Michal"]
[WhiteFideId "5109124"]
[BlackFideId "21816107"]
[WhiteElo "2148"]
[BlackElo "1866"]
[Result "1-0"]
[Round "10"]
[TimeControl "180+1"]
[Date "2021.07.21"]
[WhiteClock "0:00:23"]
[BlackClock "0:00:31"]

1. e4 c5 2. Nf3 e6 3. d4 cxd4 4. Nxd4 Nc6 5. Nc3 Qc7 6. Be2 a6 7. O-O Nf6 8. Be3 Bb4 9. Nxc6 Qxc6 10. Qd4 Bxc3 11. bxc3 Qxe4 12. Qd6 Qc6 13. Qa3 Nd5 14. Bf3 Qxc3 15. Qd6 Qc6 16. Qa3 b5 17. c4 Qxc4 18. Rac1 Qa4 19. Qd6 Bb7 20. Bc5 Qh4 21. Rcd1 f6 22. Bxd5 Bxd5 23. Qe7# 1-0


[Site "https://www.chess.com"]

[Event "Titled Tuesday Blitz July 20 2021"]
[White "GrafLermontov"]
[Black "Ouellet, Maili-Jade"]
[BlackFideId "2620472"]
[WhiteElo "2555"]
[BlackElo "1886"]
[Result "0-1"]
[Round "10"]
[TimeControl "180+1"]
[Date "2021.07.21"]
[WhiteClock "0:00:07"]
[BlackClock "0:00:07"]

1. d4 d5 2. c4 e6 3. Nc3 Nf6 4. cxd5 exd5 5. Bg5 Be7 6. Qc2 O-O 7. e3 Nbd7 8. Bd3 c6 9. Nf3 Re8 10. h3 Nf8 11. O-O-O b5 12. Ne5 Bb7 13. Kb1 a5 14. g4 a4 15. Rc1 Qa5 16. f4 b4 17. Ne2 b3 18. axb3 axb3 19. Qxb3 Reb8 20. Nc3 Ba6 21. Qa2 Bxd3+ 22. Nxd3 Qb6 23. Na4 Qb5 24. Ndc5 Bxc5 25. Rxc5 Qxa4 26. Qxa4 Rxa4 27. Bxf6 gxf6 28. Rxc6 Rab4 29. Rh2 Rb3 30. Re2 Re8 31. Rc3 Rxc3 32. bxc3 Nd7 33. Kc2 Nb6 34. Kd3 Kg7 35. e4 dxe4+ 36. Rxe4 Rxe4 37. Kxe4 Kf8 38. Kf5 Ke7 39. g5 Nd5 40. gxf6+ Nxf6 41. c4 h6 42. h4 Nd7 43. c5 Nf6 44. Ke5 Nd7+ 45. Kd5 Nb8 46. c6 Na6 47. Ke5 Nc7 48. d5 Nb5 49. Kf5 Nd6+ 50. Ke5 f6+ 51. Kd4 Nf5+ 52. Kc5 Nd6 53. Kb6 Kd8 54. c7+ Kd7 55. f5 Nxf5 56. Kb7 Nd6+ 57. Kb8 f5 0-1


[Site "https://www.chess.com"]

[Event "Titled Tuesday Blitz July 20 2021"]
[White "Guimaraes, Wagner Peixoto"]
[Black "Kim, Sergey"]
[WhiteFideId "2100940"]
[BlackFideId "13700570"]
[WhiteElo "2245"]
[BlackElo "2493"]
[Result "0-1"]
[Round "10"]
[TimeControl "180+1"]
[Date "2021.07.21"]
[WhiteClock "0:00:01"]
[BlackClock "0:00:23"]

1. e4 e5 2. Nf3 Nc6 3. Bb5 a6 4. Bxc6 dxc6 5. O-O f6 6. d4 exd4 7. Nxd4 Ne7 8. Nc3 Ng6 9. Be3 Bb4 10. Nde2 Qxd1 11. Rfxd1 Bd7 12. a3 Bd6 13. Rd2 O-O-O 14. f4 Rhe8 15. h3 Ne7 16. Rad1 c5 17. Bf2 b6 18. a4 Nc6 19. Nd5 Kb7 20. Nec3 Nd4 21. Kh1 Ne6 22. Be3 Bc6 23. f5 Nf8 24. Bf2 Be5 25. Rd3 Nd7 26. a5 b5 27. b4 c4 28. R3d2 g6 29. Bd4 gxf5 30. exf5 Bxd4 31. Rxd4 Rc8 32. Nf4 Ne5 33. Ne6 Rg8 34. R4d2 Rg3 35. Ne2 Rxg2 0-1


[Site "https://www.chess.com"]

[Event "Titled Tuesday Blitz July 20 2021"]
[White "Gurevich, Dmitry"]
[Black "Tanenbaum, Zachary"]
[WhiteFideId "2000407"]
[BlackFideId "2060850"]
[WhiteElo "2506"]
[BlackElo "2165"]
[Result "1-0"]
[Round "10"]
[TimeControl "180+1"]
[Date "2021.07.21"]
[WhiteClock "0:00:07"]
[BlackClock "0:00:15"]

1. d4 d5 2. c4 dxc4 3. Nf3 a6 4. e3 Nf6 5. Bxc4 e6 6. O-O c5 7. dxc5 Bxc5 8. Qxd8+ Kxd8 9. b3 Nbd7 10. Bb2 b6 11. Rd1 Ke7 12. a3 a5 13. Nc3 Bb7 14. Na4 Bd6 15. Nd4 Rac8 16. Nb5 Bb8 17. Bd4 Bd5 18. Bxd5 Nxd5 19. Bxg7 Rhg8 20. Bd4 f5 21. g3 h5 22. Nbc3 Nxc3 23. Nxc3 e5 24. Nd5+ Ke6 25. Bxb6 Bd6 26. e4 f4 27. Bxa5 Rc2 28. Rac1 Rgc8 29. Rxc2 Rxc2 30. Bb4 Bb8 31. gxf4 exf4 32. Nc3 Ne5 33. Nb5 Nf3+ 34. Kg2 Nh4+ 35. Kh3 Ng6 36. Nd4+ Kf7 37. Nxc2 f3 38. Bd6 Ba7 39. Nd4 h4 40. Nxf3 Bxf2 41. Rf1 Be3 42. Nxh4+ Ke6 43. Nxg6 Kxd6 44. Kg4 Ke6 45. Nf4+ Ke5 46. Ng6+ Kxe4 47. Re1 Kd3 48. Rxe3+ Kxe3 49. h4 Kd4 50. h5 Kd5 51. h6 Kd6 52. h7 Ke6 53. h8=Q Kf7 54. Ne5+ Ke6 55. Kf4 Kd5 56. Kf5 Kd4 57. Nd3+ Ke3 58. Qe8+ Kd2 59. Nc5 Kc3 60. Qe3+ Kb2 61. b4 Kc2 62. Qd3+ Kb2 63. b5 Kc1 64. Qe2 Kb1 65. Nd3 Ka1 66. Qb2# 1-0


[Site "https://www.chess.com"]

[Event "Titled Tuesday Blitz July 20 2021"]
[White "Harshavardhan G B"]
[Black "Pein, Jonathan"]
[WhiteFideId "25059009"]
[BlackFideId "417092"]
[WhiteElo "1825"]
[BlackElo "2167"]
[Result "1-0"]
[Round "10"]
[TimeControl "180+1"]
[Date "2021.07.21"]
[WhiteClock "0:01:07"]
[BlackClock "0:00:04"]

1. d4 Nf6 2. c4 g6 3. Nc3 Bg7 4. e4 O-O 5. Nf3 d6 6. Be2 e5 7. d5 h6 8. Nd2 a5 9. g4 Na6 10. h4 Nd7 11. Nf1 Ndc5 12. Ng3 a4 13. Be3 Bd7 14. Qd2 Kh7 15. f3 Nb4 16. Kf2 f5 17. gxf5 gxf5 18. exf5 Rxf5 19. Rag1 Rf4 20. Nh5 Bf6 21. a3 Bxh4+ 22. Kf1 Nb3 23. Qd1 Rf5 24. axb4 Rxh5 25. Bd3+ Kh8 26. Bg6 Rf5 27. Ne4 Rf4 28. Bxf4 exf4 29. Qd3 a3 30. Qc3+ Bf6 31. Nxf6 Nd2+ 32. Ke2 Qxf6 33. Qxf6+ 1-0


[Site "https://www.chess.com"]

[Event "Titled Tuesday Blitz July 20 2021"]
[White "Ibrahimli, Murad"]
[Black "Garcia Ramos, Daniel"]
[WhiteFideId "13410229"]
[BlackFideId "32010311"]
[WhiteElo "2109"]
[BlackElo "2321"]
[Result "0-1"]
[Round "10"]
[TimeControl "180+1"]
[Date "2021.07.20"]
[WhiteClock "0:00:05"]
[BlackClock "0:00:10"]

1. Nf3 Nf6 2. c4 c6 3. Nc3 d5 4. d4 e6 5. g3 dxc4 6. Bg2 b5 7. O-O Bb7 8. e4 Nbd7 9. Bf4 Be7 10. d5 cxd5 11. Nxb5 O-O 12. exd5 Bxd5 13. Nc7 Rc8 14. Nxd5 Nxd5 15. Bd2 Bf6 16. Rb1 Nc5 17. Qe2 Na4 18. Rbe1 Nxb2 19. h4 h6 20. Bh3 Nd3 21. Rd1 Qd6 22. Nh2 Bd4 23. Kh1 Nf6 24. f4 Rfd8 25. Be1 Nxe1 26. Rfxe1 c3 27. Nf3 Qc5 28. Qc2 Bf2 29. Rxd8+ Rxd8 30. Re5 Qb6 31. Kg2 Bd4 32. Re2 Nd5 33. Kh2 Ne3 34. Qc1 c2 35. Nxd4 Qxd4 36. Bg2 Qd1 37. Qxe3 c1=Q 38. Qf3 Qg1+ 39. Kh3 Qcc5 40. Re5 Qc2 41. Re2 Qd3 42. Qg4 h5 43. Qxh5 Qf5+ 44. Qxf5 exf5 45. h5 Qd4 46. h6 gxh6 47. Bf3 Kg7 48. Bh5 Qd6 49. Kg2 Qf6 50. Bf3 Rd3 51. Rc2 Rc3 52. Rd2 Qe6 53. Bh5 Qe3 54. Rd7 Qxg3+ 55. Kf1 Rc1+ 56. Ke2 Re1+ 57. Kd2 Qe3+ 58. Kc2 Rc1+ 0-1


[Site "https://www.chess.com"]

[Event "Titled Tuesday Blitz July 20 2021"]
[White "Iskusnyh, Sergei"]
[Black "Gontcharov, Vladislav"]
[WhiteFideId "4120027"]
[BlackFideId "4123492"]
[WhiteElo "2492"]
[BlackElo "2503"]
[Result "1-0"]
[Round "10"]
[TimeControl "180+1"]
[Date "2021.07.21"]
[WhiteClock "0:00:03"]
[BlackClock "0:00:10"]

1. d4 Nf6 2. c4 e6 3. Nf3 Bb4+ 4. Bd2 Qe7 5. g3 b6 6. Bg2 Bb7 7. O-O Bxd2 8. Qxd2 O-O 9. Nc3 Ne4 10. Nxe4 Bxe4 11. Qf4 d5 12. cxd5 exd5 13. Rac1 c5 14. dxc5 bxc5 15. Qe3 Nd7 16. Nd2 Rfe8 17. Nxe4 dxe4 18. Rfd1 f5 19. Rd5 g6 20. Rcd1 Nf6 21. Rxc5 Red8 22. Rdc1 Rd7 23. Qc3 Rad8 24. Bf1 e3 25. Qxe3 Qxe3 26. fxe3 Ne4 27. Rc7 Rxc7 28. Rxc7 Rd1 29. Rxa7 Nd2 30. Rd7 Nf3+ 31. exf3 Rxd7 32. a4 Rd2 33. b4 Kf8 34. a5 Ra2 35. a6 Ke7 36. b5 Kd6 37. e4 fxe4 38. fxe4 Kc7 39. e5 Kb6 40. e6 Rc2 41. h4 Rc7 42. Kf2 Re7 43. Bc4 Rc7 44. Bd3 Re7 45. Bc4 Rc7 46. Be2 Re7 47. Kf3 Rxe6 48. Bd3 Rd6 49. Ke3 Re6+ 50. Kd4 Rd6+ 51. Ke4 Rd8 52. g4 Re8+ 53. Kf4 Rd8 54. Be2 Rd4+ 55. Kg5 Rd7 56. Kh6 Re7 57. Bf3 Rc7 58. Bc6 Re7 59. h5 gxh5 60. gxh5 Ka7 61. Kg5 Kb6 62. Kf6 Re3 63. h6 Rg3 64. Be4 Rh3 65. Kg7 Re3 66. Bxh7 Kxb5 67. Bg6 Re7+ 68. Bf7 Ra7 69. h7 Ra8 70. Bg8 Ra7+ 71. Bf7 Ra8 72. Bd5 Ra7+ 73. Bb7 Kb6 74. h8=Q Rxb7+ 75. axb7 Kxb7 76. Qh6 1-0


[Site "https://www.chess.com"]

[Event "Titled Tuesday Blitz July 20 2021"]
[White "Ivanov, Mike"]
[Black "Woodward, Andy"]
[WhiteFideId "2613158"]
[BlackFideId "30953499"]
[WhiteElo "2197"]
[BlackElo "2137"]
[Result "1-0"]
[Round "10"]
[TimeControl "180+1"]
[Date "2021.07.21"]
[WhiteClock "0:00:03"]
[BlackClock "0:00:02"]

1. e4 c5 2. Nf3 d6 3. d4 cxd4 4. Qxd4 a6 5. Be2 Nc6 6. Qe3 g6 7. O-O Bg7 8. h3 Nf6 9. Rd1 Nd7 10. Nc3 O-O 11. Nd5 b5 12. c3 Bb7 13. Qf4 Nde5 14. Nxe5 Nxe5 15. Qh4 Bxd5 16. exd5 Rc8 17. Bg5 f6 18. Be3 Nc4 19. Bxc4 Rxc4 20. Rd4 Rc7 21. Bh6 Qd7 22. Re1 Qe8 23. Bxg7 Kxg7 24. Rde4 Qf7 25. Re6 Rb8 26. a3 a5 27. Qe4 Rbb7 28. h4 Kf8 29. h5 Rc4 30. Qe3 g5 31. f3 h6 32. Qd3 Kg7 33. g4 Rc5 34. Kg2 b4 35. axb4 axb4 36. c4 Rbc7 37. b3 Ra7 38. R1e2 Rca5 39. Qe3 Kf8 40. Qe4 Ra2 41. Qd4 Rxe2+ 42. Rxe2 Rc7 43. Qb6 Rc5 44. Qb8+ Qe8 45. Qxb4 Qd7 46. Qc3 Kg7 47. Qd3 Rc8 48. Qg6+ Kf8 49. Qxh6+ Kf7 50. Qh7+ Kf8 51. h6 Rc7 52. Qg7+ Ke8 53. Qg8# 1-0


[Site "https://www.chess.com"]

[Event "Titled Tuesday Blitz July 20 2021"]
[White "Jarovinsky, Alexey"]
[Black "Hebden, Mark L"]
[WhiteFideId "14115131"]
[BlackFideId "400084"]
[WhiteElo "2446"]
[BlackElo "2457"]
[Result "1-0"]
[Round "10"]
[TimeControl "180+1"]
[Date "2021.07.20"]
[WhiteClock "0:00:25"]
[BlackClock "0:00:42"]

1. Nc3 Nf6 2. e4 e5 3. f4 d5 4. fxe5 Nxe4 5. Qf3 f5 6. d3 Nxc3 7. bxc3 c5 8. Qg3 Nc6 9. Be2 g6 10. h4 Bg7 11. Nf3 Be6 12. h5 Bf7 13. h6 Bf8 14. Ng5 Qd7 15. Bf3 O-O-O 16. O-O Re8 17. Re1 Be6 18. Bf4 Be7 19. Qf2 b6 20. Rad1 Bd8 21. g3 Bc7 22. Qg2 Ne7 23. c4 d4 24. a4 Ng8 25. Bc6 Qe7 26. Bxe8 Qxe8 27. Qa8+ Kd7 28. Qxe8+ 1-0


[Site "https://www.chess.com"]

[Event "Titled Tuesday Blitz July 20 2021"]
[White "Jovic, Stanoje"]
[Black "Shahade, Gregory"]
[WhiteFideId "905020"]
[BlackFideId "2009064"]
[WhiteElo "2286"]
[BlackElo "2681"]
[Result "0-1"]
[Round "10"]
[TimeControl "180+1"]
[Date "2021.07.21"]
[WhiteClock "0:00:16"]
[BlackClock "0:00:42"]

1. c4 Nf6 2. g3 g6 3. Bg2 d5 4. cxd5 Nxd5 5. Nc3 Nb6 6. a4 a5 7. h4 h6 8. f4 Bg7 9. h5 g5 10. fxg5 hxg5 11. d3 g4 12. h6 Be5 13. Bf4 Bxf4 14. gxf4 Nc6 15. Bxc6+ bxc6 16. e4 Qd6 17. Qd2 Rxh6 18. Rxh6 Qxh6 19. O-O-O Ba6 20. Nge2 O-O-O 21. Qe3 Qh3 22. Ng3 Kb7 23. b3 Qh6 24. Kc2 e5 25. Nf5 Qxf4 26. Qxf4 exf4 27. Ne2 f3 28. Neg3 c5 29. Nh6 Rh8 30. Nhf5 Nd7 31. Kd2 Rh2+ 32. Ke3 Ne5 33. d4 cxd4+ 34. Rxd4 Rb2 35. Kf4 f6 36. Ne7 Rxb3 37. Nd5 f2 38. Ne3 Rb1 39. Nxg4 f1=Q+ 40. Nxf1 Rxf1+ 0-1


[Site "https://www.chess.com"]

[Event "Titled Tuesday Blitz July 20 2021"]
[White "Kamsky, Gata"]
[Black "Belyakov, Bogdan"]
[WhiteFideId "2000024"]
[BlackFideId "24104795"]
[WhiteElo "2644"]
[BlackElo "2407"]
[Result "1/2-1/2"]
[Round "10"]
[TimeControl "180+1"]
[Date "2021.07.20"]
[WhiteClock "0:00:15"]
[BlackClock "0:00:49"]

1. d4 Nf6 2. Nf3 g6 3. c3 Bg7 4. Bf4 c5 5. e3 b6 6. Nbd2 Bb7 7. a4 Nc6 8. h3 O-O 9. Be2 d5 10. O-O Nd7 11. Qb3 e5 12. dxe5 Ndxe5 13. Nxe5 Nxe5 14. Nf3 Qe7 15. Rfd1 Rfd8 16. Nxe5 Bxe5 17. Bxe5 Qxe5 18. Bf3 Rd6 19. a5 Rad8 20. axb6 axb6 21. Ra7 Bc8 22. Ra8 Kg7 23. Ra7 Be6 24. Qb5 Bd7 25. Qa6 Bc8 26. Qa4 Bd7 27. Qh4 Be6 28. Qe7 d4 29. exd4 cxd4 30. cxd4 Rxd4 31. Rf1 Rd2 32. Bg4 R8d7 33. Rxd7 Rxd7 34. Qb4 Bxg4 35. hxg4 b5 36. Qc3 Qxc3 37. bxc3 1/2-1/2


[Site "https://www.chess.com"]

[Event "Titled Tuesday Blitz July 20 2021"]
[White "Khalafova, Narmin"]
[Black "Pourkashiyan, Atousa"]
[WhiteFideId "13402625"]
[BlackFideId "12502014"]
[WhiteElo "2109"]
[BlackElo "2285"]
[Result "0-1"]
[Round "10"]
[TimeControl "180+1"]
[Date "2021.07.21"]
[WhiteClock "0:00:13"]
[BlackClock "0:00:17"]

1. e4 c5 2. Be2 e6 3. f4 d5 4. d3 Nc6 5. Nf3 g6 6. O-O Bg7 7. c3 Nge7 8. Be3 d4 9. Bf2 e5 10. fxe5 Nxe5 11. Nxe5 Bxe5 12. c4 Nc6 13. Bg4 Qd6 14. h3 O-O 15. Bxc8 Raxc8 16. Nd2 Bg7 17. Nf3 f5 18. exf5 Rxf5 19. Qd2 Rcf8 20. Bh4 h6 21. Rae1 g5 22. Bf2 b6 23. Qe2 Kh7 24. Qe6 Qxe6 25. Rxe6 Nb4 26. Re7 Nxd3 27. Bg3 Kh8 28. b3 Nf4 29. Nd2 d3 30. Kh2 R5f7 31. Re4 Bc3 32. Nf3 d2 33. Rd1 Rd7 34. Re3 Bb4 35. Ne5 Rd4 36. Bxf4 gxf4 37. Re2 Kg7 38. Nc6 Rd6 39. Nxb4 cxb4 40. Rexd2 Rxd2 41. Rxd2 f3 42. Rd7+ Kg6 43. gxf3 Rxf3 44. Rxa7 Rc3 45. Ra6 Kg5 46. Rxb6 Rc2+ 47. Kg3 Rc3+ 48. Kg2 Rc2+ 49. Kf3 Rc3+ 50. Ke4 Rxh3 51. Rxb4 h5 52. Rb8 Rh2 53. c5 Rxa2 54. c6 Rc2 55. Rb6 h4 56. b4 h3 57. Rb5+ Kg4 58. Rc5 Rxc5 59. bxc5 h2 60. c7 h1=Q+ 61. Ke5 Qc6 0-1


[Site "https://www.chess.com"]

[Event "Titled Tuesday Blitz July 20 2021"]
[White "Koridze, Lile"]
[Black "Vlassov, Nikolai"]
[WhiteFideId "13612514"]
[BlackFideId "4103360"]
[WhiteElo "1978"]
[BlackElo "2407"]
[Result "0-1"]
[Round "10"]
[TimeControl "180+1"]
[Date "2021.07.21"]
[WhiteClock "0:01:41"]
[BlackClock "0:01:11"]

1. d4 Nf6 2. c4 Nc6 3. Nc3 e5 4. e3 Bb4 5. d5 Bxc3+ 6. bxc3 Ne7 7. Nf3 d6 8. Be2 b6 9. O-O O-O 10. Qc2 Bf5 11. Qd1 Nd7 12. Ba3 Bg6 13. Nd2 f5 14. f3 f4 15. e4 Kh8 16. Kh1 Be8 17. Qe1 g5 18. h3 Nf6 19. Qf2 Ng6 20. Rfc1 Bd7 21. Nf1 h5 22. g4 fxg3 23. Qxg3 Nf4 24. Rc2 Nxh3 25. Bd3 h4 26. Qe1 Nh5 27. Rg2 N5f4 28. Rd2 Qe8 29. Bc2 Qh5 30. Qe3 Ng6 31. Nh2 Rf4 32. Rg1 Raf8 33. Rgg2 Rxf3 34. Nxf3 Rxf3 35. Qe1 Nhf4 36. Bd1 Nxg2 37. Kxg2 Nf4+ 38. Kh2 Rh3+ 39. Kg1 Bg4 40. Bc1 0-1


[Site "https://www.chess.com"]